 Dungeon Crawl Stone Soup version 0.31-a0-210-gccc998df9b (webtiles) character file.

Game seed: 869381333225754043

4487 rabbitsville the Fighter (level 10, -6/97 HPs)
             Began as a Hill Orc Fighter on June 30, 2023.
             Was a Follower of Qazlal.
             Killed from afar by an electric eel (11 damage)
             ... with a bolt of electricity
             ... on level 8 of the Dungeon.
             The game lasted 00:20:57 (6660 turns).

rabbitsville the Fighter (Hill Orc Fighter)         Turns: 6660, Time: 00:20:58

Health: -6/97      AC: 23    Str: 22    XL:     10   Next: 38%
Magic:  15/15      EV:  6    Int: 10    God:    Qazlal [*.....]
Gold:   470        SH:  6    Dex: 10    Spells: 9/9 levels left

rFire   . . .        r - +5 Force Lance {heavy, knockback}
rCold   . . .        c - +0 buckler
rNeg    . . .        v - +0 plate armour
rPois   .            n - +2 helmet
rElec   .            (no cloak)
rCorr   .            H - +2 pair of gloves
SInv    .            z - +0 pair of boots
Will    +....        (no amulet) Stlth
                     m - ring of willpower
HPRegen 0.36/turn    G - +4 ring of protection
MPRegen 0.14/turn

%: no passive effects
@: no status effects
A: no striking features
a: Renounce Religion


You were on level 8 of the Dungeon.
You worshipped Qazlal.
Qazlal was aware of your devotion.
You visited 2 branches of the dungeon, and saw 9 of its levels.

You collected 500 gold pieces.
You spent 30 gold pieces at shops.

Inventory:

Hand Weapons
 a - a +0 flail
 r - the +5 Force Lance (weapon) {heavy, knockback}
   (You took it off a goblin on level 3 of the Dungeon)
Armour
 b - a +0 scale mail
 c - a +0 buckler (worn)
 h - a +1 pair of gloves
 n - a +2 helmet (worn)
 v - a +0 plate armour (worn)
 z - a +0 pair of boots (worn)
 H - a +2 pair of gloves (worn)
Jewellery
 m - a ring of willpower (left hand)
 G - a +4 ring of protection (right hand)
Wands
 A - a wand of polymorph (4)
 C - a wand of paralysis (17)
 D - a wand of digging (3)
 J - a wand of mindburst (11)
Scrolls
 e - a scroll of brand weapon {unknown}
 f - a scroll of noise {unknown}
 i - 2 scrolls of revelation {unknown}
 l - 11 scrolls of identify
 p - a scroll of vulnerability {unknown}
 q - 2 scrolls of amnesia {unknown}
 t - a scroll of fog {unknown}
 w - 2 scrolls of blinking {unknown}
 x - 2 scrolls of enchant armour {unknown}
 y - a scroll of acquirement {unknown}
 K - a scroll of immolation {unknown}
Potions
 d - a potion of might
 g - 7 potions of curing
 j - a potion of invisibility {unknown}
 k - 2 potions of mutation
 o - a potion of berserk rage {unknown}
 s - a potion of degeneration {unknown}
 u - 3 potions of lignification {unknown}
 B - a potion of attraction {unknown}
 E - a potion of enlightenment {unknown}
 F - a potion of magic {unknown}
 I - a potion of brilliance {unknown}
 L - a potion of haste {unknown}


   Skills:
 * Level 11.7 Fighting
 - Level 3.4 Maces & Flails
 * Level 9.8 Polearms
 - Level 3.5 Armour
 - Level 4.5 Shields
 + Level 7.7 Invocations


You had 9 spell levels left.
You didn't know any spells.
Your spell library contained the following spells:

 Spells                   Type           Power      Damage    Failure   Level
 Foxfire                  Conj/Fire      0%         2x1d4     100%        1
 Blink                    Tloc           0%         N/A       100%        2
 Lesser Beckoning         Tloc           0%         N/A       100%        2
 Momentum Strike          Conj/Tloc      0%         3d8       100%        2
 Scorch                   Fire           0%         2d5       100%        2
 Flame Wave               Conj/Fire      0%         2d4       100%        4
 Fireball                 Conj/Fire      0%         3d3       100%        5
 Plasma Beam              Fire/Air       0%         2x1d10    100%        6
 Starburst                Conj/Fire      0%         6d3       100%        6
 Summon Cactus Giant      Summ           0%         N/A       100%        6


Dungeon Overview and Level Annotations

Branches:
Dungeon (8/15)             Temple (1/1) D:4            Lair (0/5) D:8

Altars:
Ashenzari
Dithmenos
Elyvilon
Fedhas
Gozag
Hepliaklqana
Kikubaaqudgha
Makhleb
Nemelex Xobeh
Okawaru
Qazlal
Ru
Sif Muna
Uskayaw
Vehumet
Wu Jian
Xom
Yredelemnul
Zin
The Shining One

Shops:
D:2 ?   D:6 [   D:7 (

Annotations:
D:6 2 runed translucent doors


Message History

The bolt of electricity hits you!
Reach: r) +5 Force Lance {heavy, knockback}
Press: ? - help, Dir - move target, f - electric eel
Aim: an electric eel (about 40% to evade the +5 Force Lance)
You reach to attack!
You hit the electric eel.
The electric eel is lightly wounded.
Reach: r) +5 Force Lance {heavy, knockback}
Press: ? - help, Dir - move target, f/p - electric eel
Aim: an electric eel (lightly wounded, about 40% to evade the +5 Force Lance)
You reach to attack!
You completely miss the electric eel.
The electric eel is lightly wounded.
Reach: r) +5 Force Lance {heavy, knockback}
Press: ? - help, Dir - move target, f/p - electric eel
Aim: an electric eel (water, lightly wounded, about 40% to evade the +5 Force Lance)
You reach to attack!
You hit the electric eel but do no damage.
The electric eel is lightly wounded.
The electric eel shoots out a bolt of lightning at you!
The bolt of electricity hits you!
The bolt of electricity hits you but does no damage.
The electric eel shoots out a bolt of lightning at you!
The bolt of electricity hits you!
* * * LOW HITPOINT WARNING * * *
The electric eel shoots out a bolt of lightning at you!
The bolt of electricity hits you!
* * * LOW HITPOINT WARNING * * *
The electric eel shoots out a bolt of lightning at you!
The bolt of electricity hits you!
* * * LOW HITPOINT WARNING * * *
The electric eel shoots out a bolt of lightning at you!
The bolt of electricity hits you.
* * * LOW HITPOINT WARNING * * *
The bolt of electricity hits you but does no damage.
The electric eel shoots out a bolt of lightning at you!
The bolt of electricity hits you but does no damage.
The electric eel shoots out a bolt of lightning at you!
The bolt of electricity hits you.
* * * LOW HITPOINT WARNING * * *
The bolt of electricity hits you!
You die...

#.# #.##................. #.#
#.....###.###....~..≈. #.#
####><# #<# #....~..≈~ #.####
#..# #.# #....~~~~~
#....###..###.###..~~≈≈≈≈~
##.......†.......#....≈≈~..
##....###......#.#.~~~.≈≈~...
##............#.#....S≈~≈..>.
###...###.###.##@#.~.S≈≈≈~...
# ##.## #.# #.###....S≈≈~.~.~
# #.# #.#
#..$.....~≈≈~~≈≈≈≈≈~~ ####.#
#.# ######..~~~~≈≈≈≈≈≈≈≈~
..##.# #..
....!.~...~≈≈≈≈≈≈≈≈ #.##.##
### ##......≈≈≈≈≈≈~.. ......#
#......~~~≈≈ .. #.##..#
##........##.#### #.##..#
#...##.#### ....


You could see 2 electric eels.

Vanquished Creatures
  2 wyverns
  Eustachio (D:5)
  9 yaks
  3 steam dragons (D:8)
  Edmund (D:6)
  Menkaure (D:7)
  A water moccasin (D:5)
  A sky beast (D:6)
  3 wolves (D:8)
  2 ogres
  4 phantoms
  3 bullfrogs
  2 scorpions
  2 water moccasin zombies (D:4)
  An electric eel (D:8)
  7 hounds
  2 jellies (D:6)
  3 orc priests
  2 sleepcaps
  2 iguanas
  An orc wizard (D:7)
  A scorpion zombie (D:4)
  A hound skeleton (D:4)
  A howler monkey zombie (D:4)
  Robin (D:2)
  3 adders
  A shadow imp (D:7)
  3 white imps
  2 ufetubi
  An adder skeleton (D:4)
  5 adder zombies (D:4)
  A worm (D:3)
  5 dart slugs
  19 orcs
  5 ball pythons
  6 endoplasms
  2 giant cockroaches
  14 goblins
  10 hobgoblins
  2 jackals (D:1)
  6 kobolds
  3 quokkas
  5 bats
  5 frilled lizards
  A quokka zombie (D:4)
  4 rats
160 creatures vanquished.

Notes
Turn   | Place    | Note
-------+----------+-------------------------------------------
     0 | D:1      | rabbitsville the Hill Orc Fighter began the quest for the
                  | Orb.
     0 | D:1      | Reached XP level 1. HP: 19/19 MP: 1/1
    49 | D:1      | Reached XP level 2. HP: 24/27 MP: 2/2
   213 | D:1      | Reached skill level 4 in Fighting
   551 | D:2      | Reached XP level 3. HP: 32/33 MP: 3/3
   695 | D:2      | Noticed Robin
   728 | D:2      | Killed Robin
   729 | D:2      | Reached XP level 4. HP: 21/41 MP: 4/4
  1216 | D:2      | Found Jutaza's Magic Scroll Emporium.
  1219 | D:2      | Bought a scroll of teleportation for 30 gold pieces
  1583 | D:3      | Reached skill level 5 in Fighting
  1583 | D:3      | Reached skill level 1 in Polearms
  1583 | D:3      | Reached XP level 5. HP: 30/48 MP: 5/5
  1914 | D:4      | Reached XP level 6. HP: 57/57 MP: 6/6
  1930 | D:4      | Found a staircase to the Ecumenical Temple.
  1946 | Temple   | Entered the Ecumenical Temple
  2186 | Temple   | Became a worshipper of Qazlal Stormbringer
  2304 | D:4      | Reached skill level 6 in Fighting
  2342 | D:4      | Reached skill level 1 in Invocations
  2343 | D:4      | Reached XP level 7. HP: 64/64 MP: 6/8
  2401 | D:4      | You fall into a shaft and drop 1 floor!
  2401 | D:5      | Entered Level 5 of the Dungeon
  2463 | D:5      | Noticed Eustachio
  2609 | D:4      | Reached skill level 7 in Fighting
  2786 | D:5      | Found an opulent altar of Gozag.
  2832 | D:5      | Reached skill level 5 in Polearms
  2832 | D:5      | Reached XP level 8. HP: 73/73 MP: 10/10
  3083 | D:6      | Found a shimmering altar of Xom.
  3132 | D:6      | Found a large runed translucent door.
  3133 | D:6      | Found a large runed translucent door.
  3148 | D:6      | Noticed Edmund
  3164 | D:6      | Killed Edmund
  3165 | D:6      | Reached skill level 8 in Fighting
  3248 | D:6      | Found Hosefih's Antique Armour Shoppe.
  3332 | D:6      | Found an ornate altar of the Wu Jian Council.
  3335 | D:6      | Noticed a yak
  3335 | D:6      | Noticed a yak
  3368 | D:5      | Found a sacrificial altar of Ru.
  3412 | D:4      | Reached * piety under Qazlal
  3594 | D:5      | Identified the +3 leather armour of Least Resistance {rN+
                  | Int-2 SInv}
  3711 | D:5      | Killed Eustachio
  3712 | D:5      | Reached skill level 9 in Fighting
  3712 | D:5      | Reached skill level 5 in Invocations
  4062 | D:6      | Reached XP level 9. HP: 79/83 MP: 12/12
  4083 | D:6      | Found a sparkling altar of Nemelex Xobeh.
  4083 | D:6      | Found an iron altar of Okawaru.
  4129 | D:6      | Reached skill level 10 in Fighting
  4286 | D:6      | Found a shimmering altar of Xom.
  4823 | D:7      | Found a burning altar of Makhleb.
  4926 | D:7      | Found Fiots's Firing Range.
  5035 | D:7      | Found a radiant altar of Vehumet.
  5142 | D:7      | Found a hide-covered altar of Uskayaw.
  5224 | D:7      | Noticed Menkaure
  5229 | D:7      | Killed Menkaure
  6060 | D:8      | Reached skill level 11 in Fighting
  6060 | D:8      | Reached XP level 10. HP: 95/95 MP: 15/15
  6217 | D:8      | Found a staircase to the Lair.
  6660 | D:8      | Killed from afar by an electric eel

Illustrated notes

Levels and vault maps discovered:
D:1:      mushboom_english_gardens, layout_rooms
D:2:      layout_basic, serial_shops, nicolae_shop_rolled_up, uniq_robin
D:3:      layout_rooms, nicolae_concentric_dashed_squares_mild
D:4:      layout_basic, minmay_temple_entry_crystal_x, serial_undead,
          serial_undead_b, serial_undead_a, serial_undead_f, serial_undead_a
D:5:      layout_rooms, nicolae_overflow_hidden_temple,
          nicolae_gozag_cash_rules_everything_around_me, uniq_eustachio
D:6:      due_chaos_kobolds, layout_basic, mainiacjoe_overflow_brackets,
          mainiacjoe_overflow_cross_hatched, gammafunk_temple_overflow_elements,
          serial_shops, nicolae_shop_dealshenge, uniq_edmund
D:7:      layout_layer_cave, kennysheep_mini_moat, mainiacjoe_overflow_24_doors,
          amcnicky_altar_gilded, nicolae_shop_firing_range, uniq_menkaure
D:8:      cheibrodos_steamvent, layout_loops_ring, erik_lair_island
Temple:   grunt_temple_mini_profane

Skill      XL: |  1  2  3  4  5  6  7  8  9 |
---------------+----------------------------+-----
Fighting       | 4 5 6 7 9 11 | 11.7
Maces & Flails | 3 |  3.4
Shields        | 4 |  4.5
Polearms       | 1 2 3 5 7 9 |  9.8
Invocations    | 1 3 5 7 |  7.7
Armour         | |  3.5

Action                     |  1- 3 |  4- 6 |  7- 9 | 10-12 || total
---------------------------+-------+-------+-------+-------++-------
  Melee: Flail             |    98 |    39 |       |       ||   137
         Lance             |       |    69 |   206 |    36 ||   311
    Use: Scroll            |       |       |     3 |       ||     3
 Armour: Scale mail        |    73 |    53 |       |       ||   126
         Plate armour      |       |    19 |    82 |    18 ||   119
  Dodge: Dodged            |    65 |    46 |    29 |     2 ||   142
  Block: Buckler           |    32 |    18 |    28 |     5 ||    83

Table legend: (Time is in decaauts)
 A = Elapsed time spent in this place.
 B = Non-inter-level travel time spent in this place.
 C = Inter-level travel time spent in this place.
 D = Time resting spent in this place.
 E = Time spent auto-exploring this place.
 F = Levels seen in this place.
 G = Mean time per level.
                   A        B        C        D        E       F      G
               +--------+--------+--------+--------+--------+-----+--------+
         Total |   6777 |   6490 |    287 |    252 |   4065 |   9 |  753.0 |
       Dungeon |   6509 |   6248 |    261 |    252 |   3885 |   8 |  813.6 |
        Temple |    267 |    241 |     26 |      0 |    180 |   1 |  267.0 |
               +--------+--------+--------+--------+--------+-----+--------+

Top non-repeatable levels by time:
     D:7: 1449 daAuts
     D:6: 1019 daAuts
     D:4: 962 daAuts
     D:2: 783 daAuts
     D:8: 673 daAuts
     D:5: 625 daAuts
     D:1: 503 daAuts
     D:3: 493 daAuts
  Temple: 267 daAuts
